 Dungeon Crawl Stone Soup version 0.26-a0-598-g61e6210cf4 (webtiles) character file.

Game seed: 373364614824789671

133 Gargoyl the Skirmisher (level 5, -13/47 HPs)
             Began as a Gnoll Abyssal Knight on Aug 28, 2020.
             Was a Follower of Lugonu.
             Killed by nerve-wracking pain
             ... invoked by an orc priest
              (14 damage)
             ... on level 3 of the Dungeon.
             The game lasted 00:03:08 (2758 turns).

Gargoyl the Skirmisher (Gnoll Abyssal Knight)       Turns: 2758, Time: 00:03:09

Health: -13/47     AC: 10    Str: 15    XL:     5   Next: 16%
Magic:  8/8        EV:  8    Int: 15    God:    Lugonu [*.....]
Gold:   159        SH:  0    Dex: 14    Spells: 6/6 levels left

rFire    . . .     SeeInvis .   c - +0 triple sword
rCold    . . .     Faith    .   (shield currently unavailable)
rNeg     . . .     Spirit   .   j - +0 chain mail
rPois    .         Reflect  .   (no helmet)
rElec    .         Harm     .   (no cloak)
rCorr    .                      h - +0 pair of gloves
MR       .....                  (no boots)
Stlth    ..........             (no amulet)
HPRegen  0.15/turn              (no ring)
MPRegen  0.11/turn              (no ring)

@: no status effects
A: distributed training, fangs 1, strong nose
a: Depart the Abyss, Renounce Religion


You were on level 3 of the Dungeon.
You worshipped Lugonu.
Lugonu was aware of your devotion.
You visited 1 branch of the dungeon, and saw 3 of its levels.
You visited the Abyss 1 time.

You collected 159 gold pieces.

Inventory:

Hand Weapons
 a - a +1 hand axe
 c - a +0 triple sword (weapon)
Missiles
 k - 3 javelins (quivered)
Armour
 h - a +0 pair of gloves (worn)
 j - a +0 chain mail (worn)
Scrolls
 b - a scroll of identify
 f - a scroll of fear
 i - a scroll of teleportation
 s - a scroll of remove curse
Potions
 d - a potion of haste
 l - a potion of flight {unknown}
 n - 2 potions of brilliance {unknown}
 o - a potion of resistance {unknown}
 q - a potion of berserk rage {unknown}
 t - a potion of ambrosia {unknown}


   Skills:
 + Level 6.6 Fighting
 + Level 1.4 Short Blades
 + Level 1.4 Long Blades
 + Level 4.7 Axes
 + Level 1.4 Maces & Flails
 + Level 1.4 Polearms
 + Level 1.4 Staves
 + Level 1.4 Slings
 + Level 1.4 Bows
 + Level 1.4 Crossbows
 + Level 1.4 Throwing
 + Level 4.7 Armour
 + Level 2.9 Dodging
 + Level 1.4 Stealth
 + Level 1.4 Shields
 + Level 1.4 Unarmed Combat
 + Level 1.4 Spellcasting
 + Level 1.1 Conjurations
 + Level 1.1 Hexes
 + Level 1.1 Summonings
 + Level 1.1 Necromancy
 + Level 1.1 Translocations
 + Level 1.1 Transmutations
 + Level 1.1 Fire Magic
 + Level 1.1 Ice Magic
 + Level 1.1 Air Magic
 + Level 1.1 Earth Magic
 + Level 1.1 Poison Magic
 + Level 4.8 Invocations
 + Level 1.4 Evocations


You had 6 spell levels left.
You didn't know any spells.
Your spell library was empty.

Dungeon Overview and Level Annotations

Branches:
Dungeon (3/15)

Altars:


Innate Abilities, Weirdness & Mutations

Your experience applies equally to all skills.
You have very sharp teeth.
Your uncanny sense of smell can sniff out nearby items.


Message History

The orc priest hits you with a +1 dagger of holy wrath.
The orc barely misses you.
You riposte.
You hit the orc.
You kill the orc!
Lugonu accepts your kill.
The orc priest hits you with a +1 dagger of holy wrath.
* * * LOW HITPOINT WARNING * * *
You hit the orc priest.
The orc priest is almost dead.
The orc priest looks braver for a moment.
The orc priest barely misses you.
You riposte.
You barely miss the orc priest.
The orc priest is almost dead.
You closely miss the orc priest.
You bite the orc priest, but do no damage.
The orc priest is almost dead.
The orc priest mumbles some strange prayers to Beogh against you.
Pain shoots through your body!
* * * LOW HITPOINT WARNING * * *
The orc priest mumbles some strange prayers to Beogh against you.
Pain shoots through your body!
You die...

............# #.#
............# #.#
............# #.#
............########.####
..........†.+...........#
............########.##.######
.............#...............#
#########'##....o†...#.####.##
#.##.#.#@#####.# #.#
#.#......#<..#.# #.#
#########.#......#.###.# #.#
..........#...##.#.# #.# #.#
...............#.#.###.####.#
.........##.#..#.#..........#
..........#....#.####.#######
######....###.##.####.# ####.#
#.........#


You could see an orc priest.

Vanquished Creatures
  A howler monkey (D:2)
  An orc priest (D:3)
  An adder (D:2)
  An ooze (D:2)
  2 dart slugs
  A leopard gecko (D:1)
  3 orcs
  2 ball pythons
  6 bats
  A giant cockroach (D:2)
  4 goblins (D:2)
  5 hobgoblins
  3 jackals (D:1)
  2 quokkas (D:2)
  4 kobolds
  7 rats
44 creatures vanquished.

Notes
Turn   | Place    | Note
-------+----------+-------------------------------------------
     0 | Abyss:1  | Gargoyl the Gnoll Abyssal Knight began the quest for the
                  | Orb.
     0 | Abyss:1  | Reached XP level 1. HP: 23/23 MP: 3/3
    14 | Abyss:1  | Found a corrupted altar of Lugonu.
    70 | Abyss:2  | Noticed a large abomination
    92 | Abyss:2  | Noticed a crimson imp
   120 | Abyss:2  | Noticed a shadow
   127 | Abyss:2  | Noticed a small abomination
   129 | Abyss:2  | Noticed a small abomination
   136 | Abyss:2  | Noticed a large abomination
   140 | Abyss:2  | Noticed a quasit
   141 | Abyss:2  | Noticed a raiju
   142 | D:1      | Escaped the Abyss
   345 | D:1      | Reached * piety under Lugonu
   345 | D:1      | Reached XP level 2. HP: 29/29 MP: 5/5
  1044 | D:2      | Reached XP level 3. HP: 31/35 MP: 6/6
  1453 | D:2      | Reached skill level 1 in Short Blades
  1453 | D:2      | Reached skill level 1 in Long Blades
  1453 | D:2      | Reached skill level 1 in Maces & Flails
  1453 | D:2      | Reached skill level 1 in Polearms
  1453 | D:2      | Reached skill level 1 in Staves
  1453 | D:2      | Reached skill level 1 in Slings
  1453 | D:2      | Reached skill level 1 in Bows
  1453 | D:2      | Reached skill level 1 in Crossbows
  1453 | D:2      | Reached skill level 1 in Throwing
  1453 | D:2      | Reached skill level 1 in Stealth
  1453 | D:2      | Reached skill level 1 in Shields
  1453 | D:2      | Reached skill level 1 in Unarmed Combat
  1453 | D:2      | Reached skill level 1 in Spellcasting
  1453 | D:2      | Reached skill level 1 in Evocations
  1497 | D:2      | Reached XP level 4. HP: 39/41 MP: 7/7
  1685 | D:2      | Reached skill level 1 in Conjurations
  1685 | D:2      | Reached skill level 1 in Hexes
  1685 | D:2      | Reached skill level 1 in Summonings
  1685 | D:2      | Reached skill level 1 in Necromancy
  1685 | D:2      | Reached skill level 1 in Translocations
  1685 | D:2      | Reached skill level 1 in Transmutations
  1685 | D:2      | Reached skill level 1 in Fire Magic
  1685 | D:2      | Reached skill level 1 in Ice Magic
  1685 | D:2      | Reached skill level 1 in Air Magic
  1685 | D:2      | Reached skill level 1 in Earth Magic
  1685 | D:2      | Reached skill level 1 in Poison Magic
  2753 | D:3      | Reached XP level 5. HP: 17/47 MP: 8/8
  2758 | D:3      | HP: 1/47 [orc priest/nerve-wracking pain (14)]
  2758 | D:3      | Killed from afar by an orc priest

Illustrated notes

Levels and vault maps discovered:
D:1:      lemuel_arrival_lava_pool, layout_loops_corners, minmay_statues_item
D:2:      layout_loops_cross
D:3:      layout_basic, lemuel_tele_altar

Skill      XL: |  1  2  3  4 |
---------------+-------------+-----
Short Blades   | 1 |  1.4
Long Blades    | 1 |  1.4
Maces & Flails | 1 |  1.4
Polearms       | 1 |  1.4
Staves         | 1 |  1.4
Slings         | 1 |  1.4
Bows           | 1 |  1.4
Crossbows      | 1 |  1.4
Throwing       | 1 |  1.4
Stealth        | 1 |  1.4
Shields        | 1 |  1.4
Unarmed Combat | 1 |  1.4
Spellcasting   | 1 |  1.4
Evocations     | 1 |  1.4
Conjurations   | 1 |  1.1
Hexes          | 1 |  1.1
Summonings     | 1 |  1.1
Necromancy     | 1 |  1.1
Translocations | 1 |  1.1
Transmutations | 1 |  1.1
Fire Magic     | 1 |  1.1
Ice Magic      | 1 |  1.1
Air Magic      | 1 |  1.1
Earth Magic    | 1 |  1.1
Poison Magic   | 1 |  1.1
Fighting       | |  6.6
Axes           | |  4.7
Armour         | |  4.7
Dodging        | |  2.9
Invocations    | |  4.8

Action                   |  1- 3 |  4- 6 || total
-------------------------+-------+-------++-------
Melee: Triple sword      |    68 |    27 ||    95
       Bite              |     7 |     4 ||    11
Invok: Depart the Abyss  |     1 |       ||     1
  Use: Scroll            |     2 |     7 ||     9
       Potion            |     1 |     1 ||     2
 Stab: Sleeping          |     1 |       ||     1
Armor: Leather armour    |     8 |       ||     8
       Chain mail        |    69 |    21 ||    90
Dodge: Dodged            |    58 |    10 ||    68
       Rpst.: Triple sword |    20 |     4 ||    24

Table legend: (Time is in decaauts)
 A = Elapsed time spent in this place.
 B = Non-inter-level travel time spent in this place.
 C = Inter-level travel time spent in this place.
 D = Time resting spent in this place.
 E = Time spent auto-exploring this place.
 F = Levels seen in this place.
 G = Mean time per level.
                   A        B        C        D        E       F      G
               +--------+--------+--------+--------+--------+-----+--------+
         Total |   2819 |   2800 |     19 |    758 |   1501 |   5 |  563.8 |
       Dungeon |   2678 |   2659 |     19 |    758 |   1451 |   3 |  892.7 |
         Abyss |    141 |    141 |      0 |      0 |     50 |   2 |   70.5 |
               +--------+--------+--------+--------+--------+-----+--------+

Top non-repeatable levels by time:
     D:2: 1525 daAuts
     D:1: 899 daAuts
     D:3: 254 daAuts
 Abyss:2: 110 daAuts
 Abyss:1: 31 daAuts
